 Dungeon Crawl Stone Soup version 0.31-a0-18-gea43df2a32 (webtiles) character file.

Game seed: 11083632490560022226

1261 vineage the Poker (level 8, -1/64 HPs)
             Began as a Merfolk Fighter on May 11, 2023.
             Was a Follower of Okawaru.
             Slain by a hornet (4 damage)
             ... on level 6 of the Dungeon.
             The game lasted 00:05:46 (4230 turns).

vineage the Poker (Merfolk Fighter)                 Turns: 4230, Time: 00:05:48

Health: -1/64      AC: 10    Str: 29    XL:     8   Next: 52%
Magic:  0/8        EV: 16    Int:  8    God:    Okawaru [*.....]
Gold:   1610       SH:  6    Dex: 13    Spells: 7/7 levels left

rFire   . . .        a - +1 trident (freeze)
rCold   . . .        c - +0 buckler
rNeg    . . .        s - +1 leather armour of Tartarus {Str+5}
rPois   +            m - +0 hat
rElec   .            r - scarf {repulsion}
rCorr   .            y - +0 pair of gloves
SInv    .            w - +2 pair of boots
Will    .....        j - amulet of guardian spirit
Stlth   +++          e - ring of poison resistance
HPRegen 0.30/turn    q - +6 ring of strength
MPRegen 0.11/turn

%: repel missiles, guardian spirit
@: heroic, slowed, very slow
A: (nimble swimmer 2), mertail
a: Renounce Religion, Heroism


You were on level 6 of the Dungeon.
You worshipped Okawaru.
Okawaru was aware of your devotion.
You visited 2 branches of the dungeon, and saw 7 of its levels.
You also visited: Ossuary.

You collected 1610 gold pieces.

Inventory:

Hand Weapons
 a - a +1 trident of freezing (weapon)
Armour
 b - a +0 scale mail
 c - a +0 buckler (worn)
 m - a +0 hat (worn)
 r - a scarf of repulsion (worn)
 s - the +1 leather armour of Tartarus (worn) {Str+5}
   (You found it on level 5 of the Dungeon)

   Str:       It affects your strength (+5).
 w - a +2 pair of boots (worn)
 y - a +0 pair of gloves (worn)
Jewellery
 e - a ring of poison resistance (left hand)
 g - a ring of wizardry
 j - an amulet of guardian spirit (around neck)
 n - an amulet of magic regeneration
 q - a +6 ring of strength (right hand)
Wands
 o - a wand of paralysis (22)
Scrolls
 f - 2 scrolls of blinking
 u - 3 scrolls of teleportation
 v - 3 scrolls of noise
Potions
 d - a potion of might
 h - 2 potions of magic
 i - a potion of flight {unknown}
 k - a potion of resistance
 l - 2 potions of curing {unknown}
 p - 3 potions of haste
 t - 4 potions of mutation
 x - a potion of attraction {unknown}
 z - 2 potions of lignification {unknown}
 A - 3 potions of heal wounds {unknown}
 B - a potion of berserk rage {unknown}


   Skills:
 + Level 5.9(10.9) Fighting
 + Level 6.3(11.3) Polearms
 + Level 4.0(9.0) Armour
 + Level 5.5(10.5) Dodging
 + Level 5.4(10.4) Shields


You had 7 spell levels left.
You didn't know any spells.
Your spell library contained the following spells:

 Spells                   Type           Power      Damage    Failure   Level
 Magic Dart               Conj           0%         1d3       47%         1
 Scorch                   Fire           0%         2d5       63%         2
 Sublimation of Blood     Necr           0%         N/A       63%         2
 Inner Flame              Hex/Fire       0%         N/A       85%         3
 Mephitic Cloud           Conj/Pois/Air  0%         N/A       85%         3
 Volatile Blastmotes      Fire/Tloc      0%         2d10      85%         3
 Flame Wave               Conj/Fire      0%         2d4       99%         4
 Fulminant Prism          Conj/Hex       0%         3d5       99%         4
 Iskenderun's Mystic Bla  Conj/Tloc      0%         2d3       99%         4
 Petrify                  Tmut/Erth      0%         N/A       99%         4
 Irradiate                Conj/Tmut      0%         3d11      100%        5
 Lee's Rapid Deconstruct  Erth           0%         3d4*      100%        5
 Yara's Violent Unravell  Hex/Tmut       0%         3d3       100%        5
 Enfeeble                 Hex            0%         N/A       100%        7
 Summon Small Mammal      Summ           Unusable   N/A       N/A         1
 Call Imp                 Summ           Unusable   N/A       N/A         2
 Call Canine Familiar     Summ           Unusable   N/A       N/A         3
 Summon Guardian Golem    Hex/Summ       Unusable   N/A       N/A         3
 Animate Dead             Necr           Unusable   N/A       N/A         4
 Summon Cactus Giant      Summ           Unusable   N/A       N/A         6
 Haunt                    Necr/Summ      Unusable   N/A       N/A         7
 Infestation              Necr           Unusable   N/A       N/A         8

Dungeon Overview and Level Annotations

Branches:
Dungeon (6/15)             Temple (1/1) D:5         Ossuary (visited)

Altars:
Ashenzari
Elyvilon
Hepliaklqana
Kikubaaqudgha
Okawaru
Sif Muna
Trog
Wu Jian
Yredelemnul
The Shining One


Innate Abilities, Weirdness & Mutations

((You are very nimble when in or above water. (Stealth+, EV+, Speed+++)))
Your lower body shifts to a powerful aquatic tail in water.


Message History

The hornet is heavily wounded.
You block the hornet's attack.
The hornet stings you but does no damage.
You closely miss the hornet.
The hornet is heavily wounded.
The hornet stings you!
You feel yourself slow down.
You hit the hornet. You freeze the hornet.
The hornet is severely wounded.
The hornet stings you! The hornet misses you. The hornet stings you!
* * * LOW HITPOINT WARNING * * *
You are too injured to fight recklessly!
You are too injured to fight recklessly!
You are too injured to fight recklessly!
You are too injured to fight recklessly!
You are too injured to fight recklessly!
You are too injured to fight recklessly!
You are too injured to fight recklessly!
You are too injured to fight recklessly!
You are too injured to fight recklessly!
You are too injured to fight recklessly!
Okay, then.
You gain the combat prowess of a mighty hero.
The hornet stings you.
* * * LOW HITPOINT WARNING * * *
You feel as though you will be slow longer.
The hornet stings you but does no damage.
You hit the hornet but do no damage.
The hornet is severely wounded.
The hornet misses you. You block the hornet's attack.
You closely miss the hornet.
The hornet is severely wounded.
The hornet stings you.
* * * LOW HITPOINT WARNING * * *
You hit the hornet. You freeze the hornet.
The hornet is severely wounded.
The hornet stings you.
* * * LOW HITPOINT WARNING * * *
You feel as though you will be slow longer.
The hornet stings you.
You die...

#####...#
#....#### #....#
#....####
#>......#
#....†..# ###
..........####....
##..#+#...........
#.. #...@.......
#........y.......
##.######........
....#!...
###.#.?.. .# ###
.. ###


You could see a hornet.

Vanquished Creatures
  A black bear (D:6)
  3 phantoms (D:5)
  An ogre (D:4)
  4 scorpions
  A gnoll sergeant (D:5)
  2 centaur zombies (Ossuary)
  A jelly (D:5)
  3 hounds (D:4)
  3 human zombies (Ossuary)
  A sleepcap (D:3)
  An iguana (D:5)
  5 mummies (Ossuary)
  7 gnolls
  3 adders
  3 worms
  2 dart slugs
  6 bats
  4 bat zombies (D:3)
  6 endoplasms
  2 giant cockroaches
  9 goblins
  5 hobgoblins
  9 jackals
  6 quokkas
  7 ball pythons
  2 frilled lizards
  A gnoll zombie (Ossuary)
  7 kobolds
  2 kobold zombies (Ossuary)
  4 rats
111 creatures vanquished.

Notes
Turn   | Place    | Note
-------+----------+-------------------------------------------
     0 | D:1      | vineage the Merfolk Fighter began the quest for the Orb.
     0 | D:1      | Reached XP level 1. HP: 18/18 MP: 1/1
   163 | D:1      | Reached XP level 2. HP: 22/24 MP: 2/2
   295 | D:1      | Reached skill level 3 in Polearms
   297 | D:1      | Reached skill level 1 in Dodging
   633 | D:1      | Reached XP level 3. HP: 23/29 MP: 3/3
  1098 | D:2      | Reached XP level 4. HP: 37/37 MP: 4/4
  1916 | D:3      | Found an ancient bone altar of Kikubaaqudgha.
  1924 | D:3      | Identified a scroll of acquirement
  1924 | D:3      | Acquired 1309 gold pieces
  1978 | D:4      | Reached XP level 5. HP: 42/42 MP: 5/5
  2134 | D:4      | Reached skill level 4 in Polearms
  2314 | D:4      | Reached XP level 6. HP: 43/49 MP: 4/6
  2690 | D:4      | Reached XP level 7. HP: 43/55 MP: 5/7
  2746 | D:4      | Reached skill level 5 in Polearms
  3035 | D:5      | Entered Level 5 of the Dungeon
  3040 | D:5      | Found a staircase to the Ecumenical Temple.
  3058 | Temple   | Entered the Ecumenical Temple
  3158 | Temple   | Became a worshipper of Warmaster Okawaru
  3235 | D:5      | Reached skill level 5 in Fighting
  3252 | D:5      | Identified the +1 leather armour of Tartarus {Str+5}
  3429 | D:5      | Found a sand-covered staircase.
  3438 | Ossuary  | Entered an ossuary
  3695 | Ossuary  | Reached XP level 8. HP: 62/62 MP: 8/8
  3710 | Ossuary  | Reached skill level 5 in Shields
  3772 | Ossuary  | Reached * piety under Okawaru
  3893 | D:5      | Reached skill level 5 in Dodging
  3978 | D:5      | Reached skill level 6 in Polearms
  4033 | D:5      | Found a hazy altar of Hepliaklqana.
  4220 | D:6      | Noticed a hornet
  4230 | D:6      | HP: 3/64 [hornet (5)]
  4230 | D:6      | Slain by a hornet

Illustrated notes

Levels and vault maps discovered:
D:1:      giann_horns, layout_loops_cross
D:2:      layout_basic, minmay_hexomino_c4
D:3:      layout_basic, lemuel_zombie_altar_kikubaaqudgha, serial_aquarium,
          aquarium_bridge_straight [aquarium_subvault_bridge,
          aquarium_subvault_wall, aquarium_subvault_bridge,
          aquarium_subvault_wall], aquarium_window_2, aquarium_window_2,
          aquarium_window_2, aquarium_window_corridor_3, aquarium_view_2b,
          aquarium_view_2a, aquarium_balcony_3b
D:4:      layout_basic
D:5:      layout_cave_pools, lemuel_round_altar, minmay_temple_entry_slanted,
          nicolae_ossuary_entry_monument
D:6:      layout_basic, grunt_temple_overflow_order_and_chaos_1, uniq_eustachio
Temple:   dpeg_chambers_temple

Skill      XL: |  1  2  3  4  5  6  7  8 |
---------------+-------------------------+-----
Polearms       | 3 4 5 6 |  6.3
Dodging        | 1 2 3 4 5 |  5.5
Fighting       | 4 5 |  5.9
Armour         | 3 4 |  4.0
Shields        | 4 5 |  5.4

Action                     |  1- 3 |  4- 6 |  7- 9 || total
---------------------------+-------+-------+-------++-------
  Melee: Trident           |   136 |   167 |   183 ||   486
 Invoke: Heroism           |       |       |     1 ||     1
    Use: Scroll            |     7 |     2 |     5 ||    14
 Armour: Scale mail        |    73 |    56 |    38 ||   167
         Leather armour    |       |       |     8 ||     8
  Dodge: Dodged            |    56 |    58 |    75 ||   189
  Block: Buckler           |    28 |    37 |    32 ||    97

Table legend: (Time is in decaauts)
 A = Elapsed time spent in this place.
 B = Non-inter-level travel time spent in this place.
 C = Inter-level travel time spent in this place.
 D = Time resting spent in this place.
 E = Time spent auto-exploring this place.
 F = Levels seen in this place.
 G = Mean time per level.
                   A        B        C        D        E       F      G
               +--------+--------+--------+--------+--------+-----+--------+
         Total |   4284 |   3973 |    311 |    190 |   2850 |   8 |  535.5 |
       Dungeon |   3741 |   3476 |    265 |     90 |   2620 |   6 |  623.5 |
        Temple |    127 |     81 |     46 |      0 |     75 |   1 |  127.0 |
       Ossuary |    415 |    415 |      0 |    100 |    155 |   1 |  415.0 |
               +--------+--------+--------+--------+--------+-----+--------+

Top non-repeatable levels by time:
     D:4: 1100 daAuts
     D:1: 731 daAuts
     D:2: 628 daAuts
     D:5: 622 daAuts
     D:3: 619 daAuts
 Ossuary: 415 daAuts
  Temple: 127 daAuts
     D:6: 38 daAuts
